 Dungeon Crawl Stone Soup version 0.18.1-50-g88ac8fd (webtiles) character file.

1026 Korbac the Cutter (level 8, -3/50 HPs)
             Began as a Kobold Fighter on Nov 1, 2016.
             Was a Believer of Okawaru.
             Slain by a centaur zombie (6 damage)
             ... on level 5 of the Dungeon.
             The game lasted 00:24:16 (6276 turns).

Korbac the Cutter (Kobold Fighter)                  Turns: 6276, Time: 00:24:17

Health: -3/50      AC:  9    Str: 15 (16) XL:     8   Next: 47%
Magic:  8/8        EV: 12    Int:  5 (6)  God:    Okawaru [**....]
Gold:   245        SH:  9    Dex: 16      Spells: 0 memorised, 7 levels left

rFire  . . .     SeeInvis .     a - +1 rapier
rCold  . . .     Gourm    .     b - +0 scale mail
rNeg   . . .     Faith    .     c - +0 shield
rPois  .         Spirit   .     (no helmet)
rElec  .         Dismiss  .     m - +1 cloak
rCorr  .         Reflect  .     (no gloves)
SustAt .         Harm     .     (no boots)
MR     .....                    (no amulet)
Stlth  ..........               (no ring)
                                g - ring of wizardry

@: not resistant to hostile enchantments, extremely unstealthy
A: carnivore 3
a: Heroism, Renounce Religion


You were on level 5 of the Dungeon.
You worshipped Okawaru.
Okawaru was pleased with you.
You were not hungry.

You visited 1 branch of the dungeon, and saw 5 of its levels.

You collected 245 gold pieces.

Inventory:

Hand Weapons
 a - a +1 rapier (weapon)
Missiles
 j - 150 stones (quivered)
 u - 2 throwing nets
Armour
 b - a +0 scale mail (worn)
 c - a +0 shield (worn)
 i - a +0 shield
 m - a +1 cloak (worn)
Jewellery
 g - a ring of wizardry (left hand)
Wands
 n - a wand of acid (0/15)
Scrolls
 d - a scroll of noise
 h - a scroll of recharging
 o - a scroll of fog
 p - 2 scrolls of remove curse
 s - 3 scrolls of identify
Potions
 k - a potion of haste {unknown}
 r - 3 potions of brilliance
 w - a potion of flight
Books
 e - a book of Annihilations

   Spells                             Type                      Level
   a - Poison Arrow                   Conjuration/Poison           6
   b - Chain Lightning                Conjuration/Air              8
   c - Lehudib's Crystal Spear        Conjuration/Earth            8
   d - Glaciate                       Conjuration/Ice              9
   e - Fire Storm                     Conjuration/Fire             9
Comestibles
 f - a meat ration
 t - 3 bread rations


   Skills:
 * Level 5.5 Fighting
 * Level 6.4 Short Blades
 + Level 0.4 Throwing
 + Level 3.9 Armour
 * Level 5.1 Dodging
 + Level 0.4 Stealth
 + Level 3.8 Shields
 + Level 0.8 Evocations


You had 7 spell levels left.
You didn't know any spells.

Dungeon Overview and Level Annotations

Branches:
Dungeon (5/15)             Temple (0/1) D:4

Altars:
Fedhas
Okawaru
Zin

Annotations:
D:4 Sigmund; simples's ghost, amateur FoFi
D:5 Menkaure


Innate Abilities, Weirdness & Mutations

You are small and have problems with some larger weapons.
You are carnivorous and can eat meat at any time.


Message History

You puncture the centaur zombie! Menkaure hits you.
The centaur zombie hits you but does no damage.
You hit the centaur zombie.
Menkaure calls on the powers of darkness!
Your body is wracked with pain!
* * * LOW HITPOINT WARNING * * *
The centaur zombie misses you.
You closely miss Menkaure.
Menkaure is lightly damaged.
You block Menkaure's attack.
The centaur zombie hits you but does no damage.
You hit Menkaure but do no damage.
Menkaure is lightly damaged.
You block Menkaure's attack. You block the centaur zombie's attack.
Menkaure hits you!
* * * LOW HITPOINT WARNING * * *
Drink which item? (? for menu, Esc to quit)
Okay, then.
The centaur zombie hits you.
You die...

#..# #..# ...## #..#
####<...# #..#
##.......## ##..##
#.........###....###
###..................#..
##..........%...@ZM......
#........................
.......................?.
.........................
..............(.........#
.##.............#######.#
#####..........## .
##........## #........#


You could see Menkaure and a centaur zombie.

Vanquished Creatures
  Grinder (D:4)
  A water moccasin (D:3)
  A centaur (D:4)
  2 howler monkeys
  2 crimson imps (D:5)
  2 centaur zombies (D:5)
  A giant frog zombie (D:5)
  2 hounds (D:4)
  A jelly (D:5)
  3 worker ants
  Natasha (thrice) (D:3)
  2 gnolls (D:3)
  2 adders
  3 oozes
  A worm (D:5)
  3 dart slugs (D:1)
  2 giant geckos
  6 orcs
  5 giant cockroaches
  5 goblins
  5 hobgoblins (D:1)
  7 jackals
  4 quokkas
  2 ball pythons (D:3)
  12 bats
  5 giant newts
  5 kobolds
  39 rats
127 creatures vanquished.

Notes
Turn   | Place    | Note
--------------------------------------------------------------
     0 | D:1      | Korbac the Kobold Fighter began the quest for the Orb.
     0 | D:1      | Reached XP level 1. HP: 14/14 MP: 1/1
   128 | D:1      | Reached XP level 2. HP: 16/19 MP: 2/2
   136 | D:1      | Reached skill level 3 in Short Blades
   236 | D:1      | Reached XP level 3. HP: 20/24 MP: 3/3
   863 | D:2      | Found an iron altar of Okawaru.
   883 | D:2      | Became a worshipper of Warmaster Okawaru
  1041 | D:2      | Reached skill level 1 in Dodging
  1048 | D:2      | Reached XP level 4. HP: 19/29 MP: 4/4
  1133 | D:2      | Found a blossoming altar of Fedhas.
  1133 | D:2      | Found a glowing silver altar of Zin.
  1738 | D:3      | Noticed a water moccasin
  1751 | D:3      | Killed a water moccasin
  1751 | D:3      | Reached skill level 4 in Short Blades
  1751 | D:3      | Reached XP level 5. HP: 17/33 MP: 5/5
  1782 | D:3      | HP: 1/33 [poisoned by a water moccasin]
  2205 | D:3      | Reached XP level 6. HP: 36/39 MP: 6/6
  3233 | D:4      | Found a staircase to the Ecumenical Temple.
  3251 | D:4      | Noticed simples's ghost (amateur FoFi)
  3612 | D:4      | Noticed Natasha
  3648 | D:3      | Killed Natasha
  3648 | D:3      | Reached * piety under Okawaru
  3918 | D:4      | Noticed Sigmund
  4210 | D:4      | Reached XP level 7. HP: 21/44 MP: 7/7
  4512 | D:5      | Entered Level 5 of the Dungeon
  4553 | D:5      | Reached skill level 5 in Short Blades
  5009 | D:4      | Reached skill level 5 in Fighting
  5061 | D:4      | Noticed Grinder
  5079 | D:4      | Paralysed by Grinder for 2 turns
  5187 | D:3      | Noticed Natasha
  5202 | D:3      | Killed Natasha
  5456 | D:4      | Paralysed by Grinder for 7 turns
  5466 | D:4      | Paralysed by Grinder for 2 turns
  5479 | D:4      | Killed Grinder
  5479 | D:4      | Reached ** piety under Okawaru
  5479 | D:4      | Reached XP level 8. HP: 20/49 MP: 8/8
  5519 | D:3      | Noticed Natasha
  5537 | D:3      | Killed Natasha
  5734 | D:3      | Reached skill level 6 in Short Blades
  5825 | D:4      | Reached skill level 5 in Dodging
  6261 | D:5      | Noticed Menkaure
  6275 | D:5      | HP: 2/50 [Menkaure (11)]
  6276 | D:5      | Slain by a centaur zombie

Skill      XL: |  1  2  3  4  5  6  7  8 |
---------------+-------------------------+-----
Short Blades   | 3 4 5 6 |  6.4
Fighting       | 4 5 |  5.5
Dodging        | 1 2 3 4 5 |  5.1
Shields        | 3 |  3.8
Armour         | 3 |  3.9
Throwing       | |  0.4
Stealth        | |  0.4
Evocations     | |  0.8

Action                   |  1- 3 |  4- 6 |  7- 9 || total
-------------------------+-------+-------+-------++-------
Melee: Rapier            |   120 |   189 |   250 ||   559
Throw: Stone             |     3 |    32 |    12 ||    47
Evoke: Wand              |       |       |     5 ||     5
  Use: Scroll            |     3 |     9 |     4 ||    16
       Potion            |       |     6 |     2 ||     8
  Eat: Chunk             |     8 |       |     5 ||    13
       Meat ration       |       |     1 |       ||     1
       Pizza             |       |       |     1 ||     1
Armor: Scale mail        |    57 |    75 |    75 ||   207
Dodge: Dodged            |    42 |    80 |   108 ||   230
Block: Shield            |    53 |    74 |   101 ||   228
